 Seeded DCSS version 0.30.1 (webtiles) character file.

Game seed: 6351066067085065685 (custom seed)

25 Esekla the Grave Robber (level 2, 0/15 HPs)
             Began as a Deep Elf Necromancer on July 6, 2023.
             Was an Initiate of Vehumet.
             Frozen to death by an endoplasm (5 damage)
             ... on level 1 of the Dungeon.
             The game lasted 00:05:28 (779 turns).

Esekla the Grave Robber (Deep Elf Necromancer)       Turns: 779, Time: 00:05:28

Health: 0/15       AC:  3    Str:  5    XL:     2   Next: 86%
Magic:  8/8        EV: 13    Int: 19    God:    Vehumet [......]
Gold:   74         SH:  0    Dex: 18    Spells: 6/7 levels left

rFire   . . .        a - +5 rapier of the Hero {heavy, rN+ Dex+3}
rCold   . . .        (no shield)
rNeg    + . .        l - +0 robe
rPois   .            (no helmet)
rElec   .            (no cloak)
rCorr   .            j - +0 pair of gloves
SInv    .            (no boots)
Will    .....        (no amulet)
Stlth   ++           (no ring)
HPRegen 0.22/turn    (no ring)
MPRegen 0.11/turn

%: no passive effects
@: no status effects
A: no striking features
a: Renounce Religion


You were on level 1 of the Dungeon.
You worshipped Vehumet.
Vehumet was noncommittal.
You visited 1 branch of the dungeon, and saw 4 of its levels.

You collected 74 gold pieces.

Inventory:

Hand Weapons
 a - the +5 rapier of the Hero (weapon) {heavy, rN+ Dex+3}
   (You found it on level 3 of the Dungeon)

   Dex:       It affects your dexterity (+3).
   rN:        It protects you from negative energy.
Armour
 j - a +0 pair of gloves (worn)
 l - a +0 robe (worn)
Wands
 c - a wand of roots (9)
Scrolls
 e - a scroll of fear {unknown}
 f - a scroll of identify {unknown}
 k - a scroll of immolation {unknown}
 n - a scroll of fog {unknown}
Potions
 b - a potion of magic
 d - a potion of ambrosia {unknown}
 g - a potion of heal wounds {unknown}
 h - 2 potions of attraction {unknown}
 i - 2 potions of curing {unknown}
 m - a potion of haste {unknown}
 o - 2 potions of brilliance {unknown}


   Skills:
 + Level 0.3 Short Blades
 * Level 3.0 Dodging
 + Level 2.6 Stealth
 * Level 3.2 Spellcasting
 + Level 5.3 Necromancy


You had 6 spell levels left.
You knew the following spells:

 Your Spells              Type           Power      Damage    Failure   Level
a - Necrotise             Necr           92%        1d8       1%          1

Your spell library contained the following spells:

 Spells                   Type           Power      Damage    Failure   Level
 Vampiric Draining        Necr           23%        2d7       4%          3
 Animate Dead             Necr           23%        N/A       16%         4
 Agony                    Necr           23%        N/A       41%         5


Dungeon Overview and Level Annotations

Branches:
Dungeon (4/15)
 Temple: D:4-7

Altars:
Vehumet

Shops:
D:2 =


Message History

You kill the kobold!
Vehumet accepts your kill.
n - a scroll labelled MANIROASHRE You see here a ball python corpse.
Things that are here:
a +0 short sword; 3 stones You start resting.
HP restored.
Found 2 fuming purple potions.
There is an escape hatch in the floor here.
o - 2 fuming purple potions
There is a stone staircase leading down here.
A goblin comes into view. It is wielding a +0 club.
You see here 7 gold pieces.
You now have 74 gold pieces (gained 7).
An endoplasm comes into view.
The frilled lizard hisses angrily.
The goblin shouts!
The endoplasm quivers.
You closely miss the frilled lizard.
The frilled lizard barely misses you. x2
You miss the frilled lizard.
The frilled lizard bites you but does no damage.
The goblin misses you. The frilled lizard barely misses you.
You closely miss the goblin.
The goblin hits you but does no damage. x2
The endoplasm freezes you.
You are frozen.
You closely miss the goblin.
The endoplasm hits you but does no damage.
The goblin hits you with a +0 club.
You hit the endoplasm.
The endoplasm is heavily wounded.
The goblin hits you with a +0 club. The endoplasm misses you.
The goblin closely misses you. The endoplasm misses you.
You hit the endoplasm.
The endoplasm is almost dead.
The goblin hits you but does no damage. The endoplasm freezes you.
You are frozen.
The goblin hits you with a +0 club. The endoplasm freezes you.
You are frozen.
You die...

#....###...# ##.#
#..#.....#.# ###
#.....#....#######
#..#.....#..##...####
#....................
#....>.............#
#....#.............##
#..J.#...............
######.lg@#)#..........##
........###†##...>#...##
...$....# #.#####.#####
........# #.# #.#
........# #.# #.#
........# #.# #.#
......... #.# #.#
........# ... ...
........# #.. ###


You could see an endoplasm, a goblin and a frilled lizard.

Vanquished Creatures
  5 ball pythons (D:1)
  2 bats (D:1)
  2 endoplasms (D:1)
  4 goblins
  2 hobgoblins (D:3)
  A quokka (D:1)
  2 frilled lizards
  4 kobolds
22 creatures vanquished.

Notes
Turn   | Place    | Note
-------+----------+-------------------------------------------
     0 | D:1      | Esekla the Deep Elf Necromancer began the quest for the
                  | Orb.
     0 | D:1      | Reached XP level 1. HP: 10/10 MP: 6/6
   136 | D:1      | Reached skill level 5 in Necromancy
   200 | D:1      | Reached XP level 2. HP: 10/14 MP: 8/8
   349 | D:4      | Found a radiant altar of Vehumet.
   353 | D:4      | Became a worshipper of Vehumet
   566 | D:3      | Identified the +5 rapier of the Hero {heavy, rN+ Dex+3}
   590 | D:2      | Found Renulab's Jewellery Shop.
   779 | D:1      | Frozen to death by an endoplasm

Illustrated notes

Levels and vault maps discovered:
D:1:      sevenhm_arrival_forest_fort_small_3, layout_rooms,
          chequers_serial_rivers_room_b, minmay_misc_feat_five
D:2:      layout_loops_ring, dreamdust_ecumenical_altar_angels_and_demons,
          serial_shops, shop
D:3:      layout_basic, grunt_temple_overflow_open, minmay_misc_feat_iff
D:4:      layout_basic, nicolae_overflow_quartered_altars, serial_shops,
          nicolae_diamond_shop

Skill      XL: |  1  2 |
---------------+-------+-----
Necromancy     | 5 |  5.3
Dodging        | 3 |  3.0
Short Blades   | |  0.3
Stealth        | |  2.6
Spellcasting   | |  3.2

Action                     || total
---------------------------++-------
  Melee: Unarmed           ||     9
         Short sword       ||     6
         Dagger            ||    33
         Punch             ||     1
         Rapier            ||    14
   Stab: Sleeping          ||     1
 Armour: Robe              ||    12
  Dodge: Dodged            ||    49
